 Dungeon Crawl Stone Soup version 0.27-a0-789-g6bb3289e1e (webtiles) character file.

Game seed: 5795963570482588400

5735 robertstho the Archer (level 10, -5/86 HPs)
             Began as a Hill Orc Hunter on Mar 26, 2021.
             Was a Priest of Okawaru.
             Slain by a death yak (10 damage)
             ... on level 8 of the Dungeon.
             The game lasted 00:15:46 (9568 turns).

robertstho the Archer (Hill Orc Hunter)             Turns: 9568, Time: 00:15:46

Health: -5/86      AC: 23    Str: 19    XL:     10   Next: 77%
Magic:  13/13      EV:  7    Int: 11    God:    Okawaru [***...]
Gold:   510        SH:  0    Dex: 17    Spells: 9/9 levels left

rFire    . . .     SeeInvis .   s - +1 whip (elec)
rCold    . . .     Faith    .   (no shield)
rNeg     . . .     Spirit   .   w - +0 plate armour
rPois    .         Reflect  .   (no helmet)
rElec    .         Harm     .   c - +1 cloak {rCorr}
rCorr    +         Rampage  .   (no gloves)
Will     .....                  f - +2 pair of boots
Stlth    ..........             (no amulet)
HPRegen  0.24/turn              o - +6 ring of dexterity
MPRegen  0.13/turn              i - +4 ring of protection

@: no status effects
A: no striking features
a: Renounce Religion, Heroism


You were on level 8 of the Dungeon.
You worshipped Okawaru.
Okawaru was most pleased with you.
You visited 2 branches of the dungeon, and saw 10 of its levels.
You also visited: Bailey.

You collected 510 gold pieces.

Inventory:

Hand Weapons
 e - a +2 short sword of holy wrath
 s - a +1 whip of electrocution (weapon)
 y - a +2 vorpal longbow
Missiles
 d - 15 arrows
Armour
 c - a +1 cloak of preservation (worn)
 f - a +2 pair of boots (worn)
 l - a +0 cloak
 w - a +0 plate armour (worn)
Jewellery
 i - a +4 ring of protection (left hand)
 m - a ring of ice
 o - a +6 ring of dexterity (right hand)
Wands
 b - a wand of iceblast (2)
 v - a wand of flame (45)
Scrolls
 g - a scroll of fog
 k - a scroll of amnesia
Potions
 h - a potion of mutation
 u - a potion of brilliance


   Skills:
 * Level 7.4 Fighting
 + Level 1.0 Short Blades
 + Level 5.9 Maces & Flails
 * Level 9.4 Bows
 * Level 9.1 Armour
 + Level 2.3 Dodging
 - Level 0.7 Stealth
 * Level 4.6 Invocations
 + Level 1.5 Evocations


You had 9 spell levels left.
You didn't know any spells.
Your spell library contained the following spells:

 Spells                   Type           Power      Damage    Failure   Level
 Magic Dart               Conj           0%         1d3       100%        1
 Searing Ray              Conj           0%         3d3       100%        2
 Dazzling Flash           Conj/Hex       0%         N/A       100%        3
 Cause Fear               Hex            0%         N/A       100%        4
 Fulminant Prism          Conj/Hex       0%         3d6       100%        4
 Iskenderun's Mystic Bla  Conj/Tloc      0%         2d3       100%        4
 Silence                  Hex/Air        0%         N/A       100%        5
 Yara's Violent Unravell  Hex/Tmut       0%         3d3       100%        5
 Discord                  Hex            0%         N/A       100%        8


Dungeon Overview and Level Annotations

Branches:
Dungeon (9/15)             Temple (1/1) D:6          Bailey (visited)
   Lair: D:8-11         Orc: D:9-12

Altars:
Ashenzari
Cheibriados
Dithmenos
Elyvilon
Fedhas
Gozag
Hepliaklqana
Kikubaaqudgha
Makhleb
Nemelex Xobeh
Okawaru
Qazlal
Ru
Sif Muna
Trog
Uskayaw
Vehumet
Wu Jian
Yredelemnul
Zin
The Shining One

Annotations:
D:7 Harold


Message History

The death yak is almost dead.
You hit the death yak but do no damage.
The death yak is almost dead.
The death yak gores you!!
* * * LOW HITPOINT WARNING * * *
Your plate armour prevents you from hitting the death yak.
The death yak is almost dead.
You hit the death yak.
Lightning courses through the death yak!
You kill the death yak!
Okawaru is honoured by your kill.
Your life force feels restored.
Your base Armour skill increases to level 9!
The death yak gores you.
* * * LOW HITPOINT WARNING * * *
The death yak gores you!
* * * LOW HITPOINT WARNING * * *
You see here 7 arrows.
The death yak gores you but does no damage.
The rat bites you but does no damage.
Found a stone staircase leading down.
The death yak gores you but does no damage.
There is a stone staircase leading up here.
The death yak gores you!
* * * LOW HITPOINT WARNING * * *
You climb upwards.
There is a stone staircase leading down here.
You feel like a meek peon again.
The death yak snorts and paws the ground.
You feel better. The death yak gores you!
* * * LOW HITPOINT WARNING * * *
Okay, then.
As you read the scroll of enchant weapon, it crumbles to dust.
Your +0 vorpal longbow glows red for a moment.
The death yak gores you.
* * * LOW HITPOINT WARNING * * *
As you read the scroll of enchant weapon, it crumbles to dust.
Your +1 vorpal longbow glows red for a moment.
The death yak gores you!
You die...

.......≈#...#≈...........##.#.#.#
.......≈#####≈.........####.#.#.#
.......≈≈≈≈≈≈≈.........###.##.#.#
........................##.##.#.#
........).#####.............+.+.+
###+##....# ##.###.#..##.##.#.#
###.#.....# #.##<.....#.##.#.#
....#.....# #Y###.#...##.#.#.#
....#.....#### #@# #.#..[##.#.#.#
....+......).# #.###.###.###..#..
....#...####.# #..##.# #.####.#.#
........# ##'####.##.# #.........
####....# #.....#.##.# #..####...
####....# #..#####.#.# #..# #...
##....### #.##...###.# #..# #...
........# ###.....##.# #..# #...
......#.## #.......#.###..# #...


You could see a death yak.

Vanquished Creatures
  A death yak (D:9)
  A two-headed ogre (D:8)
  An orc knight (Bailey)
  Pikel (D:5)
  Maurice (D:8)
  Grinder (D:5)
  A water moccasin (D:8)
  6 orc warriors
  An ice beast (D:5)
  2 black bears (D:6)
  3 centaurs (D:8)
  2 phantoms
  4 bullfrogs
  2 scorpions (D:5)
  3 killer bees (D:7)
  12 wights (D:8)
  A howler monkey (D:7)
  A centaur zombie (D:5)
  3 hounds
  2 jellies
  A centaur skeleton (D:6)
  An orc priest (D:7)
  2 iguanas
  5 orc wizards
  A killer bee zombie (D:7)
  A hound skeleton (D:4)
  7 gnolls
  A howler monkey skeleton (D:4)
  7 adders
  An ufetubus (D:6)
  An adder skeleton (D:5)
  3 worms
  3 dart slugs
  25 orcs
  7 bats
  9 endoplasms
  5 giant cockroaches
  12 goblins
  7 hobgoblins
  11 jackals
  A quokka (D:1)
  5 ball pythons
  23 kobolds
  6 rats
194 creatures vanquished.

Notes
Turn   | Place    | Note
-------+----------+-------------------------------------------
     0 | D:1      | robertstho the Hill Orc Hunter began the quest for the Orb.
     0 | D:1      | Reached XP level 1. HP: 18/18 MP: 1/1
   332 | D:1      | Reached XP level 2. HP: 25/25 MP: 2/2
   679 | D:1      | Reached XP level 3. HP: 30/30 MP: 3/3
   704 | D:1      | Reached skill level 1 in Armour
  1367 | D:2      | Reached XP level 4. HP: 37/37 MP: 4/4
  2635 | D:3      | You fall into a shaft and drop 1 floor!
  2810 | D:4      | Found a glowing silver altar of Zin.
  2818 | D:4      | Found a shadowy altar of Dithmenos.
  2821 | D:4      | Found a basalt altar of Yredelemnul.
  2862 | D:4      | Found a hide-covered altar of Uskayaw.
  2920 | D:4      | Reached skill level 5 in Bows
  2920 | D:4      | Reached XP level 5. HP: 37/45 MP: 5/5
  3008 | D:4      | Reached skill level 1 in Short Blades
  3780 | D:3      | Reached XP level 6. HP: 28/51 MP: 6/6
  3912 | D:3      | Found a burning altar of Makhleb.
  4164 | D:3      | Found an ancient bone altar of Kikubaaqudgha.
  4726 | D:5      | Entered Level 5 of the Dungeon
  4824 | D:5      | Noticed an orc warrior
  4859 | D:5      | Reached skill level 1 in Maces & Flails
  4860 | D:5      | Killed an orc warrior
  4864 | D:5      | Reached XP level 7. HP: 48/58 MP: 7/7
  5300 | D:5      | Noticed Grinder
  5306 | D:5      | Paralysed by Grinder for 4 turns
  5312 | D:5      | Paralysed by Grinder for 2 turns
  5331 | D:5      | Killed Grinder
  5554 | D:5      | Found a burning altar of Makhleb.
  5722 | D:5      | Reached XP level 8. HP: 67/67 MP: 8/8
  5763 | D:5      | Reached skill level 5 in Armour
  5767 | D:5      | Noticed Pikel
  5784 | D:5      | Killed Pikel
  5785 | D:5      | Reached skill level 5 in Fighting
  6108 | D:6      | Found a staircase to the Ecumenical Temple.
  6162 | Temple   | Entered the Ecumenical Temple
  6332 | Temple   | Became a worshipper of Warmaster Okawaru
  6381 | D:6      | Reached skill level 5 in Maces & Flails
  6393 | D:6      | Reached skill level 1 in Invocations
  6393 | D:6      | Reached XP level 9. HP: 67/74 MP: 9/9
  6453 | D:6      | Found a bloodstained altar of Trog.
  6643 | D:6      | Found a hazy altar of Hepliaklqana.
  6838 | D:7      | Reached * piety under Okawaru
  6847 | D:7      | Found a broken altar of Ashenzari.
  6910 | D:7      | Noticed Harold
  6952 | D:7      | Found a sparkling altar of Nemelex Xobeh.
  7128 | D:7      | Reached skill level 1 in Evocations
  7617 | D:8      | Found a bloodstained altar of Trog.
  8067 | D:8      | Noticed Maurice
  8072 | D:8      | Killed Maurice
  8219 | D:8      | Noticed a two-headed ogre
  8231 | D:8      | Killed a two-headed ogre
  8231 | D:8      | Reached ** piety under Okawaru
  8232 | D:8      | Reached XP level 10. HP: 58/84 MP: 12/12
  8285 | D:8      | Found a flagged portal.
  8290 | Bailey   | Entered a bailey
  8545 | Bailey   | Noticed an orc knight
  8576 | Bailey   | Killed an orc knight
  8576 | Bailey   | Reached *** piety under Okawaru
  9504 | D:9      | Noticed a death yak
  9504 | D:9      | Noticed a death yak
  9506 | D:9      | Noticed a death yak
  9526 | D:9      | Killed a death yak
  9568 | D:8      | Slain by a death yak

Illustrated notes

Levels and vault maps discovered:
D:1:      dpeg_arrival_chambers_temple_mockup, layout_basic, serial_glass,
          glass_columns_a, glass_columns_a
D:2:      layout_loops_ring
D:3:      layout_basic, lemuel_crystal_altar, lemuel_round_altar
D:4:      layout_rooms, minmay_overflow_temple_star_quad,
          nicolae_overflow_crystal_walls
D:5:      layout_basic, bloody_makhleb, uniq_pikel, uniq_grinder
D:6:      layout_rooms, nicolae_hepliaklqana_hazy_memory,
          minmay_temple_entry_glass, trog_ov_bears_minmay
D:7:      kennysheep_seaside_town, layout_basic, ashenzari_altar_1,
          nemelex_altar_shiori, uniq_harold
D:8:      layout_basic, lemuel_round_altar, enter_bailey_3,
          corexii_leaking_fountain, interstate_on_off, uniq_maurice
D:9:      layout_cave_pools, lemuel_doored_altar, dpeg_lair_monsters,
          lemuel_old_faithful
Temple:   minmay_temple_curvy_loop

Skill      XL: |  1  2  3  4  5  6  7  8  9 10 |
---------------+-------------------------------+-----
Bows           | 4 5 6 8 9 |  9.4
Armour         | 1 2 3 4 6 8 9 |  9.1
Fighting       | 3 4 5 6 7 |  7.4
Short Blades   | 1 |  1.0
Maces & Flails | 1 3 5 |  5.9
Dodging        | 2 |  2.3
Invocations    | 1 3 4 |  4.6
Evocations     | 1 |  1.5
Stealth        | |  0.7

Action                   |  1- 3 |  4- 6 |  7- 9 | 10-12 || total
-------------------------+-------+-------+-------+-------++-------
Melee: Short sword       |    17 |    55 |       |       ||    72
       Whip              |       |   103 |   244 |    50 ||   397
 Fire: Shortbow          |    81 |    84 |     5 |       ||   170
       Longbow           |       |       |    98 |    65 ||   163
Invok: Heroism           |       |       |     3 |     2 ||     5
Evoke: Wand              |       |       |    14 |     2 ||    16
  Use: Scroll            |       |     7 |    10 |     2 ||    19
       Potion            |       |     1 |     6 |     1 ||     8
Armor: Leather armour    |    19 |    32 |       |       ||    51
       Chain mail        |       |    77 |       |       ||    77
       Plate armour      |       |       |   279 |    42 ||   321
Dodge: Dodged            |    25 |    88 |   120 |    26 ||   259

Table legend: (Time is in decaauts)
 A = Elapsed time spent in this place.
 B = Non-inter-level travel time spent in this place.
 C = Inter-level travel time spent in this place.
 D = Time resting spent in this place.
 E = Time spent auto-exploring this place.
 F = Levels seen in this place.
 G = Mean time per level.
                   A        B        C        D        E       F      G
               +--------+--------+--------+--------+--------+-----+--------+
         Total |   9555 |   9327 |    228 |   1273 |   6335 |  11 |  868.6 |
       Dungeon |   9058 |   8853 |    205 |   1126 |   6153 |   9 | 1006.4 |
        Temple |    193 |    170 |     23 |      0 |    160 |   1 |  193.0 |
        Bailey |    303 |    303 |      0 |    147 |     22 |   1 |  303.0 |
               +--------+--------+--------+--------+--------+-----+--------+

Top non-repeatable levels by time:
     D:2: 1431 daAuts
     D:8: 1334 daAuts
     D:5: 1266 daAuts
     D:3: 1193 daAuts
     D:1: 1096 daAuts
     D:4: 1028 daAuts
     D:7: 777 daAuts
     D:6: 601 daAuts
     D:9: 328 daAuts
  Bailey: 303 daAuts
  Temple: 193 daAuts
